 Dungeon Crawl Stone Soup version 0.14.0-24-gfb45beb (webtiles) character file.

706 Qrupt the Slasher (level 6, -7/44 HPs)
             Began as a Demonspawn Gladiator on Apr 22, 2014.
             Mangled by Blork the orc
             ... wielding a +0,+2 glaive
              (12 damage)
             ... on Level 4 of the Dungeon.
             The game lasted 00:08:22 (4060 turns).

Qrupt the Slasher (Demonspawn Gladiator)            Turns: 4060, Time: 00:08:22

HP  -7/44        AC  7     Str 16      XL: 6   Next: 71%
MP   6/6         EV 12     Int  9      God:
Gold 264         SH  2     Dex 15      Spells:  0 memorised,  5 levels left

rFire  . . .     SeeInvis .     a - +0 long sword
rCold  . . .     Clarity  .     b - +0 leather armour
rNeg   . . .     Conserve .     (no shield)
rPois  .         rCorr    .     c - +0 helmet
rElec  .         rRot     .     (no cloak)
SustAb . .       Spirit   .     t - +0 pair of gloves
rMut   .         Warding  .     (no boots)
Saprov . . .     Stasis   .     (no amulet)
MR     .....                    (no ring)
                                (no ring)

@: not resistant to hostile enchantments, very unstealthy
A: hooves 2, large bone plates 1, spiny 2
a: no special abilities


You were on level 4 of the Dungeon.
You were very hungry.

You visited 1 branch of the dungeon, and saw 4 of its levels.

You collected 264 gold pieces.

Inventory:

Hand weapons
 a - a +0,+0 long sword (weapon)
Armour
 b - a +0 leather armour (worn)
 c - a +0 helmet (worn)
 t - a +0 pair of gloves (worn)
Comestibles
 f - 3 bread rations
 g - 2 meat rations
 h - 2 chokos
 l - an apricot
 o - a pear
 w - 2 chunks of human flesh
Scrolls
 e - 2 scrolls of noise {unknown}
 i - 2 scrolls of random uselessness {unknown}
 j - a scroll of enchant weapon I {unknown}
 k - a scroll of amnesia {unknown}
 p - a scroll of fear {unknown}
 s - a scroll of recharging {unknown}
 v - 6 scrolls of identify {unknown}
 y - 2 scrolls of enchant weapon II {unknown}
 B - a scroll of immolation {unknown}
Potions
 m - 2 potions of curing
 n - a potion of lignification {unknown}
 q - 2 potions of degeneration {unknown}
 r - a potion of brilliance {unknown}
 u - 2 potions of heal wounds {unknown}
 z - a potion of confusion {unknown}
 A - a potion of resistance {unknown}
 C - a potion of haste {unknown}
Books
 x - a book of the Warp

   Spells                             Type                      Level
   Control Teleport                   Charms/Translocation         4
   Phase Shift                        Translocation                5
   Warp Weapon                        Charms/Translocation         5
   Summon Forest                      Summoning/Translocation      5
   Dispersal                          Translocation                6
   Controlled Blink                   Translocation                7
   Disjunction                        Translocation                8


   Skills:
 - Level 2.0 Fighting
 + Level 7.0 Long Blades
 - Level 1.7 Throwing
 - Level 2.6 Dodging


You had 5 spell levels left.
You didn't know any spells.

Dungeon Overview and Level Annotations

Branches:
Dungeon (4/15)
 Temple: D:4-7

Altars:

Annotations:
D:4 Blork the orc


Innate Abilities, Weirdness & Mutations

You have hoof-like feet.
You are partially covered in large bone plates (AC +2, SH +2).
You are mostly covered in sharp spines.


Message History

Blork the orc hits you with a glaive!
* * * LOW HITPOINT WARNING * * *
You are too injured to fight recklessly!
You barely miss Blork the orc. You kick Blork the orc.
Blork the orc is moderately wounded.
Blork the orc mumbles some strange words.
You feel troubled. Blork the orc hits you with a glaive.
* * * LOW HITPOINT WARNING * * *
Drink which item? (? for menu, Esc to quit)
You feel better.
It was a potion of curing.
Blork the orc barely misses you.
You hit Blork the orc. Your kick misses Blork the orc.
Blork the orc is heavily wounded.
Blork the orc casts a spell at you. The puff of flame misses you.
You closely miss Blork the orc. Your kick misses Blork the orc.
Blork the orc is heavily wounded.
Blork the orc hits you with a glaive.
* * * LOW HITPOINT WARNING * * *
Blork the orc is struck by your spines. Blork the orc hits you with a glaive!
You die...

...#####
#.#...........%....#
...#
#.#..(.........###.#
...#
#.#............# #.#
...#
#.#............# #.#
...# #............#
#.# ...#
##...........# #.#
...## ##.###########
#.# ....>
#......>.... ..#
...## ##@######### #
.... #o# #.#. ##.# #
#..### #....# ####(#
#o...# ##.... #..o..


You could see Blork the orc.

Vanquished Creatures
  An ogre (D:3)
  A giant frog (D:3)
  A big kobold (D:4)
  The ghost of inmateoo the Ruinous, a weakling DECj (D:3)
  A hound (D:4)
  2 worker ants
  2 adders (D:2)
  2 worms (D:2)
  A giant gecko (D:1)
  2 oozes
  An orc (D:3)
  11 bats
  8 giant cockroaches
  12 goblins
  5 hobgoblins
  4 jackals (D:1)
  28 kobolds
  2 ball pythons
  4 giant newts
  A hobgoblin skeleton (D:4)
  6 rats
96 creatures vanquished.

Notes
Turn   | Place    | Note
--------------------------------------------------------------
     0 | D:1      | Qrupt, the Demonspawn Gladiator, began the quest for the Orb.
     0 | D:1      | Reached XP level 1. HP: 16/16 MP: 1/1
    59 | D:1      | Reached skill level 3 in Long Blades
    70 | D:1      | Gained mutation: You are partially covered in large bone plates (AC +2, SH +2). [demonic ancestry]
    70 | D:1      | Reached XP level 2. HP: 4/22 MP: 2/2
    76 | D:1      | HP: 1/22 [kobold (3)]
   681 | D:1      | Gained mutation: You are partially covered in sharp spines. [demonic ancestry]
   681 | D:1      | Reached XP level 3. HP: 13/27 MP: 3/3
  1134 | D:1      | Reached skill level 4 in Long Blades
  1728 | D:2      | Gained mutation: You have large cloven feet. [demonic ancestry]
  1728 | D:2      | Reached XP level 4. HP: 26/33 MP: 4/4
  2517 | D:3      | Noticed a giant frog
  2525 | D:3      | Reached skill level 5 in Long Blades
  2538 | D:3      | Killed a giant frog
  2538 | D:3      | Gained mutation: You have hoof-like feet. [demonic ancestry]
  2538 | D:3      | Reached XP level 5. HP: 13/38 MP: 5/5
  2974 | D:3      | Noticed inmateoo's ghost (weakling DECj)
  2979 | D:3      | Killed inmateoo's ghost
  3243 | D:3      | Noticed an ogre
  3296 | D:3      | Killed an ogre
  3296 | D:3      | Reached skill level 6 in Long Blades
  3296 | D:3      | Gained mutation: You are mostly covered in sharp spines. [demonic ancestry]
  3296 | D:3      | Reached XP level 6. HP: 32/44 MP: 6/6
  4037 | D:4      | Noticed Blork the orc
  4046 | D:4      | Reached skill level 7 in Long Blades
  4060 | D:4      | Mangled by Blork the orc

Action                   |  1- 3 |  4- 6 || total
-------------------------+-------+-------++-------
Melee: Long sword        |   156 |   143 ||   299
Throw: Throwing net      |     1 |     6 ||     7
  Use: Potion            |       |     1 ||     1
 Stab: Held in net/web   |     1 |       ||     1
